AoeStats
← |GaoeG| flamingo

Nomad

509469212Analyzed
2v2 RM · 5d ago on Sep 26, 2026· 55m 47s· 4 players
Game mode
Random Map
Map size
176×176
Population
200
Speed
Normal
Resources
Standard
Victory
Conquest
Starting age
Dark Age
Ending age
Imperial Age
RankedLock teamsTeams togetherTeam positionsShared explorationLock speedFull tech treeHidden civsTurbo modeCheats
Victory
Defeat
🇻🇳 Portuguese · Vietnam
1337
+14
🇻🇳 Danes · Vietnam
1295
+16
🇪🇸 Jurchens · Spain
1340
-16
🇪🇸 Chinese · Spain
1261
-14
|GaoeG| flamingo
3:22 Loom
15:09 Feudal Age
16:04 Town Watch
21:07 Castle Age
25:30 Fletching
26:40 Double-Bit Axe
29:13 Bodkin Arrow
33:15 Bow Saw
41:24 Horse Collar
42:11 Squires
43:35 Wheelbarrow
47:37 Imperial Age
47:02 Gold Mining
47:23 Arson
48:46 Conscription
47:53 Capped Ram
48:48 Scale Mail Armor
49:01 Forging
48:30 Elite Fire Lancer
49:58 Hand Cart
53:17 Chain Mail Armor
53:39 Iron Casting
53:06 Bracer
52:43 Siege Ram
55:56 Chemistry
55:33 Ballistics
JITANOmaleant7
3:44 Loom
12:21 Feudal Age
16:15 Castle Age
15:42 Double-Bit Axe
17:26 Bow Saw
17:51 Bloodlines
18:30 Forging
27:00 Fishing Lines
29:06 Fletching
31:02 Wheelbarrow
32:02 Husbandry
34:04 Bodkin Arrow
37:12 Gold Mining
37:46 Ballistics
38:41 Padded Archer Armor
39:18 Horse Collar
41:00 Heavy Plow
40:47 Light Cavalry
53:11 Light Cavalry
Phu Thuy
4:02 Loom
4:58 Loom
13:28 Feudal Age
14:01 Town Watch
15:16 Fishing Lines
15:22 Double-Bit Axe
17:14 Horse Collar
19:45 Wheelbarrow
22:34 Castle Age
21:58 Fletching
23:13 Bodkin Arrow
23:30 Bow Saw
23:21 Crossbowman
24:29 Padded Archer Armor
25:31 Leather Archer Armor
27:06 Heavy Plow
29:39 Thumb Ring
29:52 Forging
30:25 Gillnets
32:19 Gold Mining
36:17 Ballistics
37:54 Hand Cart
40:40 Imperial Age
42:26 Capped Ram
46:21 Chemistry
45:37 Forging
45:28 Scale Mail Armor
47:16 Man-at-Arms
47:57 Squires
48:35 Iron Casting
48:00 Long Swordsman
48:25 Gambesons
50:11 Blast Furnace
49:26 Chain Mail Armor
50:13 Two-Handed Swordsman
51:21 Conscription
51:33 Champion
52:52 Plate Mail Armor
55:04 Siege Ram
NPChinh
4:58 Loom
16:47 Feudal Age
17:20 Arson
16:56 Man-at-Arms
17:18 Fishing Lines
17:33 Double-Bit Axe
18:51 Gold Mining
20:46 Forging
23:32 Castle Age
21:57 Fletching
24:10 Gillnets
28:40 Bow Saw
29:12 Scale Barding Armor
29:34 Husbandry
31:42 Iron Casting
30:31 Light Cavalry
31:21 Bloodlines
37:01 Bloodlines
41:30 Bloodlines
42:53 Horse Collar
44:06 Bloodlines
44:27 Chain Barding Armor
44:32 Heavy Plow
46:21 Wheelbarrow
45:31 Town Watch
48:57 Circumnavigation
50:15 Hand Cart
49:45 Town Watch
53:26 Imperial Age
50:46 Long Swordsman
51:12 Gambesons
51:31 Scale Mail Armor
52:41 Chain Mail Armor
54:50 Coinage
55:25 Two-Man Saw
55:13 Crop Rotation
56:05 Chemistry
55:25 Ballistics
54:46 Treadmill Crane
55:17 Masonry
55:04 Murder Holes
56:13 Blast Furnace
55:13 Bodkin Arrow
55:55 Plate Barding Armor
55:16 Two-Handed Swordsman
55:24 Cavalier
Connection lost

Rejoining the realm…

Still unreachable

The connection could not be restored.

Session expired

The server has moved on; the page needs a fresh start.